Senators vs Monsters (R1)

Created - December 12, 2021 at 22:42

Goals
1 2 3 OT1 SO T
Senators 2 2 0 0 2 5
Monsters 3 0 1 0 1 4
Shots
1 2 3 OT1 SO T
Senators 7 15 7 4 3 33
Monsters 16 11 9 0 3 36

1st period

1. Monsters , Matt Calvert 2 (Zac Dalpe 4) at 0:06
2. Senators , Jordan Schroeder 1 (Tomas Jurco 2, Zemgus Girgensons 1) at 3:07
3. Senators , Kyle Connor 3 (Christoph Bertschy 2, Arttu Ruotsalainen 1) at 8:07 (PP)
4. Monsters , Austin Watson 1 (Mitch Marner 2, Morgan Rielly 2) at 11:11
5. Monsters , Mitch Marner 3 (Christian Hanson 3, Aaron Ness 7) at 17:03

Penalties :
Zemgus Girgensons (Bel) for Tripping (Minor) at 0:15, Zac Dalpe (Cle) for Hooking (Minor) at 7:21, Keegan Lowe (Bel) for Hooking (Minor) at 14:03

2nd period

6. Senators , Tomas Jurco 3 (Zemgus Girgensons 2, Jordan Schroeder 3) at 8:35 (PP)
7. Senators , Zemgus Girgensons 2 (Tomas Jurco 3, Adam Ollas-Mattsson 2) at 9:32

Penalties :
Arttu Ruotsalainen (Bel) for Roughing (Minor) at 0:31, Adam Ollas-Mattsson (Bel) for Tripping (Minor) at 3:47, Zac Dalpe (Cle) for Roughing (Minor) at 7:38, Keegan Lowe (Bel) for Holding (Minor) at 19:48

3rd period

8. Monsters , Matt Calvert 3 (Zac Dalpe 5, Aaron Ness 8) at 1:01 (PP)

Penalties :
Scott Harrington (Bel) for Goalie Interference (Minor) at 4:11, Austin Watson (Cle) for Delaying the game (Minor) at 9:37

Overtime #1

No Goal

Penalties :
No Penalty

Shootout

Senators, Kyle Connor - Stopped by Eric Comrie
Monsters, Zac Dalpe - Stopped by Sami Aittokallio
Senators, Christoph Bertschy - Goal!
Monsters, Matt Calvert - Goal!
Senators, Arttu Ruotsalainen - Goal!
Monsters, Christian Hanson - Stopped by Sami Aittokallio

Penalties :
No Penalty

Goalie Stats

Sami Aittokallio (Bel), 32 saves from 36 shots - (0.889), W, 2-1-0, 65:00 minutes
Eric Comrie (Cle), 29 saves from 33 shots - (0.879), OTL, 3-0-1, 65:00 minutes

Players Stats for Senators

Player Name              G  A  P  +/- PIM S  H  SB GA TA FO     MP     PP MP  PK MP  
------------------------------------------------------------------------------------
A.J. Jenks               0  0  0   0  0   0  0  0  0  0  0/0     3:28   0:00   2:15 
Adam Ollas-Mattsson      0  1  1   0  2   0  1  1  0  1  0/0    15:08   0:00   1:38 
Anthony Richard          0  0  0   0  0   2  2  0  1  0  5/6    10:06   0:00   1:13 
Arttu Ruotsalainen       0  1  1  -2  2   0  0  0  0  0  1/2    14:10   2:18   0:00 
Chandler Stephenson      0  0  0   0  0   0  0  0  0  0  0/0     0:00   0:00   0:00 
Christoph Bertschy       0  1  1  -2  0   3  1  3  1  2  9/30   22:27   2:18   6:09 
Dmitry Sinitsyn          0  0  0   0  0   1  0  1  0  1  0/0    25:37   2:29   7:52 
Dylan Blujus             0  0  0  -1  0   0  1  2  0  3  0/0    23:15   1:13   5:17 
Grant Besse              0  0  0   0  0   0  1  0  0  0  0/2    12:49   0:00   0:00 
Gustav Forsling          0  0  0   0  0   0  1  0  0  0  0/0     5:38   0:00   0:07 
Jack Dougherty           0  0  0   0  0   1  1  1  0  0  0/0    12:38   0:00   0:00 
Jake Evans               0  0  0   0  0   2  0  0  0  0  0/0     8:21   0:00   0:00 
Jordan Schroeder         1  1  2   1  0   7  1  0  0  0  9/19   19:14   1:24   3:46 
Keegan Lowe              0  0  0   0  4   0  1  0  1  1  0/0    22:19   2:29   4:56 
Kevin Rooney             0  0  0   0  0   0  1  0  0  1  3/9    12:49   0:00   0:00 
Kyle Connor              1  0  1  -2  0   4  3  0  0  1  0/1    16:18   2:18   0:00 
Mason Geertsen           0  0  0   0  0   0  0  1  0  0  0/0     5:31   0:00   0:00 
Scott Harrington         0  0  0  -1  2   1  4  1  0  1  0/0    20:24   1:13   2:26 
Tomas Jurco              1  2  3   1  0   1  0  0  1  0  0/0    12:56   1:24   0:00 
Vitaly Abramov           0  0  0   0  0   1  0  0  0  0  0/0     8:21   0:00   0:00 
Zachary Sanford          0  0  0   0  0   5  1  1  1  0  0/0    17:32   0:00   3:46 
Zemgus Girgensons        1  2  3   1  2   5  4  0  2  0  1/4    19:45   1:24   5:07 

Players Stats for Monsters

Player Name              G  A  P  +/- PIM S  H  SB GA TA FO     MP     PP MP  PK MP  
------------------------------------------------------------------------------------
Aaron Ness               0  2  2   3  0   2  3  0  0  1  0/0    32:59   7:25   2:34 
Austin Watson            1  0  1   1  2   2  1  0  0  0  0/1    16:19   4:16   0:00 
Bobby Farnham            0  0  0   0  0   1  0  0  1  1  0/0    12:34   0:00   0:00 
Cameron Hughes           0  0  0   0  0   0  0  0  0  0  1/1     0:30   0:00   0:30 
Christian Hanson         0  1  1   1  0   3  3  1  0  0  10/13  17:52   4:16   0:35 
Dillon Heatherington     0  0  0  -1  0   0  0  2  0  0  0/0    22:32   3:43   1:08 
Dominik Simon            0  0  0   0  0   0  1  0  1  1  1/3    14:36   0:00   0:35 
Francis Perron           0  0  0   0  0   0  0  0  0  0  0/0     0:06   0:00   0:06 
Jared Knight             0  0  0   0  0   0  1  0  1  0  1/3     7:56   0:00   0:00 
Joakim Nordstrom         0  0  0   0  0   0  1  0  1  0  0/1    12:34   0:00   0:00 
Marc Michaelis           0  0  0   0  0   0  2  1  0  0  0/0     7:56   0:00   0:00 
Matt Calvert             2  0  2   0  0   5  5  1  1  1  1/2    25:08   6:52   3:01 
Matt Grzelcyk            0  0  0  -1  0   1  3  2  2  0  0/0    22:32   3:43   1:08 
Maxim Mamin              0  0  0   0  0   0  0  0  0  0  0/0     1:12   0:00   0:00 
Mitch Marner             1  1  2   1  0   9  1  0  0  0  2/2    15:50   4:16   0:00 
Morgan Rielly            0  1  1   3  0   0  4  1  1  0  0/0    32:59   7:25   2:34 
Nathan Noel              0  0  0   0  0   0  0  0  0  0  0/0     0:00   0:00   0:00 
Ondrej Kase              0  0  0   0  0   7  1  0  1  2  1/1    19:28   6:52   0:00 
Patrik Laine             0  0  0   0  0   1  0  0  0  0  3/4     1:38   0:00   1:19 
Richard Nejezchleb       0  0  0   0  0   0  0  0  0  0  0/0     7:56   0:00   0:00 
Ryan Fitzgerald          0  0  0   0  0   0  0  0  1  0  0/0     1:17   0:00   0:00 
Tarmo Reunanen           0  0  0  -1  0   0  0  1  0  0  0/0     9:29   0:00   0:00 
Victor Mete              0  0  0  -1  0   0  0  1  0  1  0/0     9:29   0:00   0:00 
Zac Dalpe                0  2  2   0  4   5  1  0  1  0  25/42  23:23   6:52   1:18 

3 Stars

1 - Matt Calvert (Cle)
2 - Zemgus Girgensons (Bel)
3 - Tomas Jurco (Bel)

Power Play

Senators - 2 on 3 Attempt(s) - 66.67%
Monsters - 1 on 6 Attempt(s) - 16.67%

Penalty Kill

Senators - 5 on 6 Attempt(s) - 83.33% - Score 0 goal in Penalty Kill
Monsters - 1 on 3 Attempt(s) - 33.33% - Score 0 goal in Penalty Kill

Team Stat

Senators - Hits : 23 - Faceoff Wins : 28 - Blocked Shots : 11 - Penalty Minutes : 12
Monsters - Hits : 27 - Faceoff Wins : 45 - Blocked Shots : 10 - Penalty Minutes : 6

Official

Referees : Ian Walsh and Tom Chmielewski
Linesman : Derek Amell and Steve Barton

Game Notes

No Game Note

Finance

Level 1 -- Attendance: 2000 (100.00%) -- Ticket Income $70,000
Level 2 -- Attendance: 886 (88.60%) -- Ticket Income $13,290
Total Attendance: 2886 (96.20%)
Total Ticket Income: $83,290
Other Income: $4,164
Total Income: $87,454

Senators

5 vs 5 Forward 
   Center                   Left Wing                Right Wing               Time % Phy DF OF 
 1 Christoph Bertschy       Kyle Connor              Arttu Ruotsalainen       30     1   2  2  
 2 Jordan Schroeder         Zemgus Girgensons        Tomas Jurco              30     1   2  2  
 3 Kevin Rooney             Zachary Sanford          Grant Besse              25     1   2  2  
 4 Anthony Richard          Vitaly Abramov           Jake Evans               15     1   2  2  

5 vs 5 Defense 
   Defense                  Defense                                           Time % Phy DF OF 
 1 Keegan Lowe              Dmitry Sinitsyn                                   30     1   2  2  
 2 Scott Harrington         Dylan Blujus                                      30     1   2  2  
 3 Jack Dougherty           Adam Ollas-Mattsson                               25     1   2  2  
 4 Mason Geertsen           Gustav Forsling                                   15     1   2  2  

PowerPlay Forward 
   Center                   Left Wing                Right Wing               Time % Phy DF OF 
 1 Christoph Bertschy       Kyle Connor              Arttu Ruotsalainen       55     0   2  3  
 2 Jordan Schroeder         Zemgus Girgensons        Tomas Jurco              45     0   2  3  

PowerPlay Defense
   Defense                  Defense                                           Time % Phy DF OF 
 1 Keegan Lowe              Dmitry Sinitsyn                                   55     0   2  3  
 2 Scott Harrington         Dylan Blujus                                      45     1   2  2  

Penalty Kill 4 Players Forward 
   Center                   Wing                     Time % Phy DF OF 
 1 Christoph Bertschy       Zemgus Girgensons        60     1   2  2  
 2 Jordan Schroeder         Zachary Sanford          40     1   2  2  

Penalty Kill 4 Players Defense
   Defense                  Defense                  Time % Phy DF OF 
 1 Keegan Lowe              Dmitry Sinitsyn          60     1   2  2  
 2 Scott Harrington         Dylan Blujus             40     1   2  2  

Penalty Kill - 3 Players Forward 
   Forward                                           Time % Phy DF OF 
 1 Kyle Connor                                       60     1   2  2  
 2 Jordan Schroeder                                  40     1   2  2  

Penalty Kill - 3 Players Defense
   Defense                  Defense                  Time % Phy DF OF 
 1 Keegan Lowe              Dmitry Sinitsyn          60     1   2  2  
 2 Scott Harrington         Dylan Blujus             40     1   2  2  

4 vs 4 Forward 
   Center                   Wing                     Time % Phy DF OF 
 1 Christoph Bertschy       Kyle Connor              55     1   2  2  
 2 Jordan Schroeder         Zemgus Girgensons        45     1   2  2  

4 vs 4 Defense
   Defense                  Defense                  Time % Phy DF OF 
 1 Dmitry Sinitsyn          Keegan Lowe              55     2   2  1  
 2 Scott Harrington         Dylan Blujus             45     1   2  2  

Last Minutes Offensive
   Center                   Left Wing                Right Wing               Defense                  Defense                  
   Christoph Bertschy       Kyle Connor              Tomas Jurco              Keegan Lowe              Dmitry Sinitsyn          

Last Minutes Defensive
   Center                   Left Wing                Right Wing               Defense                  Defense                  
   Jordan Schroeder         Kyle Connor              Tomas Jurco              Keegan Lowe              Dmitry Sinitsyn          

Goaltenders
Starting : Sami Aittokallio         
Backup : Scott Wedgewood          

Extra Forwards
Normal : Zemgus Girgensons, A.J. Jenks, Jordan Schroeder - PP : Zemgus Girgensons, A.J. Jenks - PK : Zemgus Girgensons
Extra Defensemen
Normal : Jack Dougherty, Adam Ollas-Mattsson, Mason Geertsen - PP : Gustav Forsling - PK : Dylan Blujus, Adam Ollas-Mattsson
Penalty Shots
Kyle Connor, Christoph Bertschy, Arttu Ruotsalainen, Zachary Sanford, Anthony Richard

Scratches
Jonas Siegenthaler (Healthy), Joonas Lyytinen (Sports Hernia Injury), Warren Foegele (Healthy), William Bitten (Healthy), Cliff Pu (Healthy)
Keven Bouchard (Healthy)

Monsters

5 vs 5 Forward 
   Center                   Left Wing                Right Wing               Time % Phy DF OF 
 1 Zac Dalpe                Matt Calvert             Ondrej Kase              40     1   2  2  
 2 Christian Hanson         Austin Watson            Mitch Marner             30     1   2  2  
 3 Dominik Simon            Joakim Nordstrom         Bobby Farnham            20     1   2  2  
 4 Jared Knight             Marc Michaelis           Richard Nejezchleb       10     1   2  2  

5 vs 5 Defense 
   Defense                  Defense                                           Time % Phy DF OF 
 1 Morgan Rielly            Aaron Ness                                        40     1   2  2  
 2 Dillon Heatherington     Matt Grzelcyk                                     30     1   2  2  
 3 Victor Mete              Tarmo Reunanen                                    20     1   2  2  
 4 Morgan Rielly            Aaron Ness                                        10     1   2  2  

PowerPlay Forward 
   Center                   Left Wing                Right Wing               Time % Phy DF OF 
 1 Zac Dalpe                Matt Calvert             Ondrej Kase              60     1   2  2  
 2 Christian Hanson         Austin Watson            Mitch Marner             40     1   2  2  

PowerPlay Defense
   Defense                  Defense                                           Time % Phy DF OF 
 1 Morgan Rielly            Aaron Ness                                        60     1   2  2  
 2 Dillon Heatherington     Matt Grzelcyk                                     40     1   2  2  

Penalty Kill 4 Players Forward 
   Center                   Wing                     Time % Phy DF OF 
 1 Zac Dalpe                Matt Calvert             60     1   2  2  
 2 Christian Hanson         Dominik Simon            40     1   2  2  

Penalty Kill 4 Players Defense
   Defense                  Defense                  Time % Phy DF OF 
 1 Morgan Rielly            Aaron Ness               60     1   2  2  
 2 Dillon Heatherington     Matt Grzelcyk            40     1   2  2  

Penalty Kill - 3 Players Forward 
   Forward                                           Time % Phy DF OF 
 1 Zac Dalpe                                         60     1   2  2  
 2 Matt Calvert                                      40     1   2  2  

Penalty Kill - 3 Players Defense
   Defense                  Defense                  Time % Phy DF OF 
 1 Morgan Rielly            Aaron Ness               60     1   2  2  
 2 Dillon Heatherington     Matt Grzelcyk            40     1   2  2  

4 vs 4 Forward 
   Center                   Wing                     Time % Phy DF OF 
 1 Zac Dalpe                Matt Calvert             60     1   2  2  
 2 Christian Hanson         Dominik Simon            40     1   2  2  

4 vs 4 Defense
   Defense                  Defense                  Time % Phy DF OF 
 1 Morgan Rielly            Aaron Ness               60     1   2  2  
 2 Dillon Heatherington     Matt Grzelcyk            40     1   2  2  

Last Minutes Offensive
   Center                   Left Wing                Right Wing               Defense                  Defense                  
   Zac Dalpe                Matt Calvert             Ondrej Kase              Morgan Rielly            Aaron Ness               

Last Minutes Defensive
   Center                   Left Wing                Right Wing               Defense                  Defense                  
   Zac Dalpe                Matt Calvert             Ondrej Kase              Morgan Rielly            Aaron Ness               

Goaltenders
Starting : Eric Comrie              
Backup : Phoenix Copley           

Extra Forwards
Normal : Ryan Fitzgerald, Maxim Mamin, Patrik Laine - PP : Ryan Fitzgerald, Maxim Mamin - PK : Patrik Laine
Extra Defensemen
Normal : Victor Mete, Tarmo Reunanen, Dillon Heatherington - PP : Victor Mete - PK : Tarmo Reunanen, Dillon Heatherington
Penalty Shots
Zac Dalpe, Matt Calvert, Christian Hanson, Dominik Simon, Ondrej Kase

Scratches
Peyton Jones (Healthy)

% Time on Ice - Senators

Lines # - Real PCT - Wanted PCT - Time Play
Normal Forward
1 - 26% - 30% - 11:54
2 - 27% - 30% - 12:06
3 - 28% - 25% - 12:49
4 - 18% - 15% - 8:21
Normal Defense
1 - 29% - 30% - 13:04
2 - 34% - 30% - 15:08
3 - 25% - 25% - 11:27
4 - 12% - 15% - 5:31
PP Forward
1 - 62% - 55% - 2:18
2 - 38% - 45% - 1:24
PP Defense
1 - 67% - 55% - 2:29
2 - 33% - 45% - 1:13
PK Forward
1 - 66% - 60% - 7:22
2 - 34% - 40% - 3:46
PK Defense
1 - 69% - 60% - 7:40
2 - 31% - 40% - 3:28
PK3 Forward
1 - 0% - 60%
2 - 0% - 40%
PK3 Defense
1 - 0% - 60%
2 - 0% - 40%
44 Forward
1 - 60% - 55% - 3:01
2 - 40% - 45% - 1:59
44 Defense
1 - 44% - 55% - 2:12
2 - 56% - 45% - 2:48
Last Minute Offensive  - 0:00
Last Minute Defensive  - 0:00
Total
Forward - 65:00
Defense - 65:00

% Time on Ice - Monsters

Lines # - Real PCT - Wanted PCT - Time Play
Normal Forward
1 - 29% - 40% - 13:06
2 - 26% - 30% - 11:34
3 - 28% - 20% - 12:34
4 - 18% - 10% - 7:56
Normal Defense
1 - 42% - 40% - 19:08
2 - 35% - 30% - 15:48
3 - 20% - 20% - 9:08
4 - 2% - 10% - 1:06
PP Forward
1 - 62% - 60% - 6:52
2 - 38% - 40% - 4:16
PP Defense
1 - 67% - 60% - 7:25
2 - 33% - 40% - 3:43
PK Forward
1 - 84% - 60% - 3:07
2 - 16% - 40% - 0:35
PK Defense
1 - 69% - 60% - 2:34
2 - 31% - 40% - 1:08
PK3 Forward
1 - 0% - 60%
2 - 0% - 40%
PK3 Defense
1 - 0% - 60%
2 - 0% - 40%
44 Forward
1 - 71% - 60% - 3:33
2 - 29% - 40% - 1:27
44 Defense
1 - 62% - 60% - 3:07
2 - 38% - 40% - 1:53
Last Minute Offensive  - 0:00
Last Minute Defensive  - 0:00
Total
Forward - 65:00
Defense - 65:00

Play-by-Play

1st period


0:01 of 1st period - Zac Dalpe wins face-off versus Christoph Bertschy in neutral zone.
0:06 of 1st period - Snap shot by Matt Calvert.
0:06 of 1st period - Goal by Matt Calvert - Senators : 0 - Monsters : 1.
0:07 of 1st period - Christian Hanson wins face-off versus Jordan Schroeder in neutral zone.
0:15 of 1st period - Minor Penalty to Zemgus Girgensons for Tripping.
0:16 of 1st period - Matt Calvert wins face-off versus Christoph Bertschy in Senators zone.
0:20 of 1st period - Wrist shot by Zac Dalpe.
0:20 of 1st period - Shot Misses the Net.
0:22 of 1st period - Snap shot by Zac Dalpe.
0:22 of 1st period - Shot Misses the Net.
0:48 of 1st period - Keegan Lowe is hit by Christian Hanson.
1:02 of 1st period - Snap shot by Ondrej Kase.
1:02 of 1st period - Stopped by Sami Aittokallio without a rebound.
1:03 of 1st period - Christoph Bertschy wins face-off versus Zac Dalpe in Senators zone.
1:03 of 1st period - Christoph Bertschy is hit by Matt Calvert.
2:08 of 1st period - Keegan Lowe is hit by Morgan Rielly and loses puck.
2:15 of 1st period - Penalty to Zemgus Girgensons is over, Zemgus Girgensons is back on ice.
3:07 of 1st period - Snap shot by Tomas Jurco.
3:07 of 1st period - Deflect By Jordan Schroeder.
3:07 of 1st period - Goal by Jordan Schroeder - Senators : 1 - Monsters : 1.
3:08 of 1st period - Jordan Schroeder wins face-off versus Zac Dalpe in neutral zone.
3:35 of 1st period - Scott Harrington is hit by Christian Hanson and loses puck.
4:38 of 1st period - Wrist shot by Zac Dalpe.
4:38 of 1st period - Shot Blocked by Adam Ollas-Mattsson.
5:00 of 1st period - Wrist shot by Zachary Sanford.
5:00 of 1st period - Shot Misses the Net.
5:34 of 1st period - Zemgus Girgensons is hit by Matt Calvert and loses puck.
5:50 of 1st period - Icing by Aaron Ness.
5:51 of 1st period - Anthony Richard wins face-off versus Jared Knight in Monsters zone.
5:58 of 1st period - Mason Geertsen is hit by Jared Knight and loses puck.
6:07 of 1st period - Matt Grzelcyk is hit by Gustav Forsling and loses puck.
6:22 of 1st period - Wrist shot by Anthony Richard.
6:22 of 1st period - Shot Misses the Net.
6:24 of 1st period - Slapshot by Dmitry Sinitsyn.
6:24 of 1st period - Deflect By Anthony Richard.
6:24 of 1st period - Stopped by Eric Comrie with a rebound.
6:40 of 1st period - Wrist shot by Jake Evans.
6:40 of 1st period - Shot Blocked by Matt Grzelcyk.
6:42 of 1st period - Slapshot by Jake Evans.
6:42 of 1st period - Shot Blocked by Dillon Heatherington.
6:46 of 1st period - Slapshot by Anthony Richard.
6:46 of 1st period - Stopped by Eric Comrie with a rebound.
6:48 of 1st period - Slapshot by Jake Evans.
6:48 of 1st period - Stopped by Eric Comrie with a rebound.
6:50 of 1st period - Slapshot by Jake Evans.
6:50 of 1st period - Shot Misses the Net.
6:58 of 1st period - Snap shot by Jake Evans.
6:58 of 1st period - Deflect By Anthony Richard.
6:58 of 1st period - Shot Blocked by Marc Michaelis.
6:58 of 1st period - Puck is out of play.
6:59 of 1st period - Ondrej Kase wins face-off versus Christoph Bertschy in Monsters zone.
7:21 of 1st period - Minor Penalty to Zac Dalpe for Hooking.
7:22 of 1st period - Patrik Laine wins face-off versus Christoph Bertschy in Monsters zone.
7:29 of 1st period - Dmitry Sinitsyn is hit by Morgan Rielly and loses puck.
7:34 of 1st period - Snap shot by Matt Calvert.
7:34 of 1st period - Deflect By Patrik Laine.
7:34 of 1st period - Stopped by Sami Aittokallio with a rebound.
7:36 of 1st period - Slapshot by Matt Calvert.
7:36 of 1st period - Shot Misses the Net.
7:48 of 1st period - Aaron Ness is hit by Zemgus Girgensons and loses puck.
7:57 of 1st period - Slapshot by Zemgus Girgensons.
7:57 of 1st period - Stopped by Eric Comrie without a rebound.
7:58 of 1st period - Arttu Ruotsalainen wins face-off versus Patrik Laine in Monsters zone.
8:07 of 1st period - Slapshot by Kyle Connor.
8:07 of 1st period - Goal by Kyle Connor - Senators : 2 - Monsters : 1.
8:08 of 1st period - Zac Dalpe wins face-off versus Jordan Schroeder in neutral zone.
8:10 of 1st period - Off-side.
8:11 of 1st period - Zac Dalpe wins face-off versus Jordan Schroeder in neutral zone.
10:29 of 1st period - Slapshot by Dominik Simon.
10:29 of 1st period - Shot Misses the Net.
10:37 of 1st period - Slapshot by Aaron Ness.
10:37 of 1st period - Stopped by Sami Aittokallio without a rebound.
10:38 of 1st period - Anthony Richard wins face-off versus Zac Dalpe in Senators zone.
10:42 of 1st period - Off-side.
10:43 of 1st period - Anthony Richard wins face-off versus Zac Dalpe in neutral zone.
10:46 of 1st period - Slapshot by Anthony Richard.
10:46 of 1st period - Shot Misses the Net.
10:54 of 1st period - Anthony Richard is hit by Matt Calvert and loses puck.
11:09 of 1st period - Wrist shot by Mitch Marner.
11:09 of 1st period - Stopped by Sami Aittokallio with a rebound.
11:11 of 1st period - Wrist shot by Austin Watson.
11:11 of 1st period - Goal by Austin Watson - Senators : 2 - Monsters : 2.
11:12 of 1st period - Zac Dalpe wins face-off versus Christoph Bertschy in neutral zone.
11:19 of 1st period - Slapshot by Matt Calvert.
11:19 of 1st period - Stopped by Sami Aittokallio without a rebound.
11:20 of 1st period - Christoph Bertschy wins face-off versus Zac Dalpe in Senators zone.
11:20 of 1st period - Christoph Bertschy is hit by Matt Calvert.
11:44 of 1st period - Snap shot by Ondrej Kase.
11:44 of 1st period - Shot Blocked by Dylan Blujus.
11:46 of 1st period - Snap shot by Zac Dalpe.
11:46 of 1st period - Stopped by Sami Aittokallio without a rebound.
11:47 of 1st period - Jordan Schroeder wins face-off versus Christian Hanson in Senators zone.
11:56 of 1st period - Wrist shot by Jordan Schroeder.
11:56 of 1st period - Shot Misses the Net.
11:58 of 1st period - Wrist shot by Jordan Schroeder.
11:58 of 1st period - Stopped by Eric Comrie without a rebound.
11:59 of 1st period - Christian Hanson wins face-off versus Kevin Rooney in Monsters zone.
12:30 of 1st period - Off-side.
12:31 of 1st period - Zac Dalpe wins face-off versus Jordan Schroeder in neutral zone.
12:38 of 1st period - Victor Mete is hit by Scott Harrington.
12:46 of 1st period - Snap shot by Ondrej Kase.
12:46 of 1st period - Stopped by Sami Aittokallio without a rebound.
12:47 of 1st period - Christian Hanson wins face-off versus Grant Besse in Senators zone.
12:48 of 1st period - Snap shot by Mitch Marner.
12:48 of 1st period - Stopped by Sami Aittokallio without a rebound.
12:49 of 1st period - Christian Hanson wins face-off versus Grant Besse in Senators zone.
12:52 of 1st period - Snap shot by Christian Hanson.
12:52 of 1st period - Deflect By Grant Besse.
12:52 of 1st period - Shot Misses the Net.
12:52 of 1st period - Puck is out of play.
12:53 of 1st period - Kevin Rooney wins face-off versus Christian Hanson in Senators zone.
12:53 of 1st period - Kevin Rooney is hit by Matt Grzelcyk.
13:27 of 1st period - Matt Grzelcyk is hit by Kyle Connor and loses puck.
13:40 of 1st period - Snap shot by Bobby Farnham.
13:40 of 1st period - Stopped by Sami Aittokallio without a rebound.
13:41 of 1st period - Jordan Schroeder wins face-off versus Dominik Simon in Senators zone.
14:03 of 1st period - Minor Penalty to Keegan Lowe for Hooking.
14:04 of 1st period - Zac Dalpe wins face-off versus Christoph Bertschy in Senators zone.
14:05 of 1st period - Wrist shot by Ondrej Kase.
14:05 of 1st period - Stopped by Sami Aittokallio with a rebound.
14:07 of 1st period - Wrist shot by Ondrej Kase.
14:07 of 1st period - Shot Misses the Net.
14:09 of 1st period - Wrist shot by Aaron Ness.
14:09 of 1st period - Shot Misses the Net.
14:11 of 1st period - Slapshot by Morgan Rielly.
14:11 of 1st period - Shot Misses the Net.
14:13 of 1st period - Snap shot by Zac Dalpe.
14:13 of 1st period - Deflect By Ondrej Kase.
14:13 of 1st period - Shot Blocked by Christoph Bertschy.
14:13 of 1st period - Puck is out of play.
14:14 of 1st period - Christoph Bertschy wins face-off versus Zac Dalpe in Senators zone.
14:50 of 1st period - Icing by Ondrej Kase.
14:51 of 1st period - Jordan Schroeder wins face-off versus Zac Dalpe in Monsters zone.
15:02 of 1st period - Snap shot by Ondrej Kase.
15:02 of 1st period - Stopped by Sami Aittokallio without a rebound.
15:03 of 1st period - Mitch Marner wins face-off versus Christoph Bertschy in Senators zone.
15:12 of 1st period - Wrist shot by Christian Hanson.
15:12 of 1st period - Stopped by Sami Aittokallio with a rebound.
15:14 of 1st period - Slapshot by Dillon Heatherington.
15:14 of 1st period - Shot Blocked by Christoph Bertschy.
16:03 of 1st period - Penalty to Keegan Lowe is over, Keegan Lowe is back on ice.
16:44 of 1st period - Richard Nejezchleb is hit by Scott Harrington and loses puck.
17:03 of 1st period - Wrist shot by Mitch Marner.
17:03 of 1st period - Goal by Mitch Marner - Senators : 2 - Monsters : 3.
17:04 of 1st period - Christoph Bertschy wins face-off versus Zac Dalpe in neutral zone.
17:29 of 1st period - Zemgus Girgensons is hit by Mitch Marner and loses puck.
18:00 of 1st period - Snap shot by Dominik Simon.
18:00 of 1st period - Shot Misses the Net.
18:12 of 1st period - Snap shot by Kyle Connor.
18:12 of 1st period - Deflect By Christoph Bertschy.
18:12 of 1st period - Shot Misses the Net.
18:12 of 1st period - Puck is out of play.
18:13 of 1st period - Jared Knight wins face-off versus Christoph Bertschy in Monsters zone.
18:43 of 1st period - Wrist shot by Aaron Ness.
18:43 of 1st period - Stopped by Sami Aittokallio without a rebound.
18:44 of 1st period - Zac Dalpe wins face-off versus Zemgus Girgensons in Senators zone.
19:21 of 1st period - Wrist shot by Tomas Jurco.
19:21 of 1st period - Shot Misses the Net.
19:36 of 1st period - Kevin Rooney is hit by Matt Grzelcyk and loses puck.
Goals for this period are 2 for Senators vs 3 for Monsters.
Shots for this period are 7 for Senators vs 16 for Monsters.

2nd period


0:01 of 2nd period - Zac Dalpe wins face-off versus Christoph Bertschy in neutral zone.
0:08 of 2nd period - Wrist shot by Ondrej Kase.
0:08 of 2nd period - Stopped by Sami Aittokallio without a rebound.
0:09 of 2nd period - Zac Dalpe wins face-off versus Christoph Bertschy in Senators zone.
0:12 of 2nd period - Snap shot by Zac Dalpe.
0:12 of 2nd period - Shot Misses the Net.
0:14 of 2nd period - Wrist shot by Ondrej Kase.
0:14 of 2nd period - Deflect By Zac Dalpe.
0:14 of 2nd period - Stopped by Sami Aittokallio with a rebound.
0:22 of 2nd period - Wrist shot by Ondrej Kase.
0:22 of 2nd period - Shot Misses the Net.
0:24 of 2nd period - Wrist shot by Zac Dalpe.
0:24 of 2nd period - Shot Blocked by Christoph Bertschy.
0:31 of 2nd period - Minor Penalty to Arttu Ruotsalainen for Roughing.
0:32 of 2nd period - Zac Dalpe wins face-off versus Christoph Bertschy in Senators zone.
0:58 of 2nd period - Dmitry Sinitsyn is hit by Christian Hanson and loses puck.
2:30 of 2nd period - Scott Harrington is hit by Zac Dalpe.
2:31 of 2nd period - Penalty to Arttu Ruotsalainen is over, Arttu Ruotsalainen is back on ice.
2:42 of 2nd period - Wrist shot by Kevin Rooney.
2:42 of 2nd period - Deflect By Zachary Sanford.
2:42 of 2nd period - Stopped by Eric Comrie with a rebound.
2:44 of 2nd period - Slapshot by Scott Harrington.
2:44 of 2nd period - Stopped by Eric Comrie with a rebound.
2:46 of 2nd period - Snap shot by Zachary Sanford.
2:46 of 2nd period - Shot Misses the Net.
2:48 of 2nd period - Slapshot by Zachary Sanford.
2:48 of 2nd period - Stopped by Eric Comrie without a rebound.
2:49 of 2nd period - Kevin Rooney wins face-off versus Joakim Nordstrom in Monsters zone.
3:47 of 2nd period - Minor Penalty to Adam Ollas-Mattsson for Tripping.
3:48 of 2nd period - Christoph Bertschy wins face-off versus Zac Dalpe in Senators zone.
5:22 of 2nd period - Austin Watson is hit by Keegan Lowe and loses puck.
5:29 of 2nd period - Dmitry Sinitsyn is hit by Morgan Rielly and loses puck.
5:36 of 2nd period - Slapshot by Christian Hanson.
5:36 of 2nd period - Shot Misses the Net.
5:38 of 2nd period - Snap shot by Mitch Marner.
5:38 of 2nd period - Deflect By Christian Hanson.
5:38 of 2nd period - Stopped by Sami Aittokallio without a rebound.
5:39 of 2nd period - Zac Dalpe wins face-off versus Christoph Bertschy in Senators zone.
5:47 of 2nd period - Penalty to Adam Ollas-Mattsson is over, Adam Ollas-Mattsson is back on ice.
6:41 of 2nd period - Wrist shot by Zac Dalpe.
6:41 of 2nd period - Shot Misses the Net.
6:43 of 2nd period - Slapshot by Matt Grzelcyk.
6:43 of 2nd period - Stopped by Sami Aittokallio with a rebound.
6:45 of 2nd period - Slapshot by Dillon Heatherington.
6:45 of 2nd period - Shot Blocked by Mason Geertsen.
7:38 of 2nd period - Minor Penalty to Zac Dalpe for Roughing.
7:39 of 2nd period - Patrik Laine wins face-off versus Kyle Connor in Monsters zone.
7:46 of 2nd period - Wrist shot by Matt Calvert.
7:46 of 2nd period - Stopped by Sami Aittokallio without a rebound.
7:47 of 2nd period - Patrik Laine wins face-off versus Christoph Bertschy in Senators zone.
8:02 of 2nd period - Keegan Lowe is hit by Matt Calvert and loses puck.
8:23 of 2nd period - Backhand shot by Kyle Connor.
8:23 of 2nd period - Stopped by Eric Comrie without a rebound.
8:24 of 2nd period - Cameron Hughes wins face-off versus Zemgus Girgensons in Monsters zone.
8:35 of 2nd period - Wrist shot by Tomas Jurco.
8:35 of 2nd period - Goal by Tomas Jurco - Senators : 3 - Monsters : 3.
8:36 of 2nd period - Christoph Bertschy wins face-off versus Austin Watson in neutral zone.
8:39 of 2nd period - Snap shot by Dmitry Sinitsyn.
8:39 of 2nd period - Deflect By Aaron Ness.
8:39 of 2nd period - Stopped by Eric Comrie without a rebound.
8:40 of 2nd period - Christian Hanson wins face-off versus Arttu Ruotsalainen in Monsters zone.
8:44 of 2nd period - Off-side.
8:45 of 2nd period - Christian Hanson wins face-off versus Christoph Bertschy in neutral zone.
8:59 of 2nd period - Wrist shot by Christoph Bertschy.
8:59 of 2nd period - Stopped by Eric Comrie with a rebound.
9:16 of 2nd period - Slapshot by Christoph Bertschy.
9:16 of 2nd period - Stopped by Eric Comrie without a rebound.
9:17 of 2nd period - Jordan Schroeder wins face-off versus Zac Dalpe in Monsters zone.
9:20 of 2nd period - Snap shot by Tomas Jurco.
9:20 of 2nd period - Shot Misses the Net.
9:22 of 2nd period - Slapshot by Adam Ollas-Mattsson.
9:22 of 2nd period - Shot Blocked by Matt Grzelcyk.
9:24 of 2nd period - Snap shot by Zemgus Girgensons.
9:24 of 2nd period - Stopped by Eric Comrie with a rebound.
9:30 of 2nd period - Snap shot by Zemgus Girgensons.
9:30 of 2nd period - Shot Misses the Net.
9:32 of 2nd period - Snap shot by Zemgus Girgensons.
9:32 of 2nd period - Goal by Zemgus Girgensons - Senators : 4 - Monsters : 3.
9:33 of 2nd period - Zac Dalpe wins face-off versus Jordan Schroeder in neutral zone.
10:03 of 2nd period - Wrist shot by Mitch Marner.
10:03 of 2nd period - Shot Blocked by Scott Harrington.
10:05 of 2nd period - Wrist shot by Mitch Marner.
10:05 of 2nd period - Stopped by Sami Aittokallio with a rebound.
10:07 of 2nd period - Snap shot by Mitch Marner.
10:07 of 2nd period - Stopped by Sami Aittokallio with a rebound.
10:09 of 2nd period - Slapshot by Aaron Ness.
10:09 of 2nd period - Shot Misses the Net.
10:11 of 2nd period - Wrist shot by Christian Hanson.
10:11 of 2nd period - Shot Blocked by Zachary Sanford.
10:30 of 2nd period - Scott Harrington is hit by Dominik Simon and loses puck.
11:01 of 2nd period - Wrist shot by Vitaly Abramov.
11:01 of 2nd period - Deflect By Zemgus Girgensons.
11:01 of 2nd period - Stopped by Eric Comrie without a rebound.
11:02 of 2nd period - Jordan Schroeder wins face-off versus Zac Dalpe in Monsters zone.
11:05 of 2nd period - Snap shot by Tomas Jurco.
11:05 of 2nd period - Shot Misses the Net.
11:07 of 2nd period - Snap shot by Jordan Schroeder.
11:07 of 2nd period - Stopped by Eric Comrie without a rebound.
11:08 of 2nd period - Jordan Schroeder wins face-off versus Zac Dalpe in Monsters zone.
11:27 of 2nd period - Slapshot by Zemgus Girgensons.
11:27 of 2nd period - Shot Misses the Net.
11:29 of 2nd period - Snap shot by Dmitry Sinitsyn.
11:29 of 2nd period - Shot Blocked by Matt Calvert.
11:39 of 2nd period - Snap shot by Jordan Schroeder.
11:39 of 2nd period - Stopped by Eric Comrie without a rebound.
11:40 of 2nd period - Christian Hanson wins face-off versus Kevin Rooney in Monsters zone.
11:40 of 2nd period - Christian Hanson is hit by Zachary Sanford.
12:31 of 2nd period - Dillon Heatherington is hit by Scott Harrington and loses puck.
12:59 of 2nd period - Dillon Heatherington is hit by Anthony Richard and loses puck.
13:12 of 2nd period - Wrist shot by Kyle Connor.
13:12 of 2nd period - Shot Blocked by Dillon Heatherington.
13:14 of 2nd period - Slapshot by Adam Ollas-Mattsson.
13:14 of 2nd period - Shot Misses the Net.
13:16 of 2nd period - Slapshot by Adam Ollas-Mattsson.
13:16 of 2nd period - Shot Misses the Net.
13:18 of 2nd period - Snap shot by Kyle Connor.
13:18 of 2nd period - Stopped by Eric Comrie with a rebound.
13:39 of 2nd period - Christian Hanson is hit by Zemgus Girgensons.
13:57 of 2nd period - Snap shot by Mitch Marner.
13:57 of 2nd period - Stopped by Sami Aittokallio without a rebound.
13:58 of 2nd period - Kevin Rooney wins face-off versus Zac Dalpe in Senators zone.
14:23 of 2nd period - Bobby Farnham is hit by Kyle Connor and loses puck.
14:29 of 2nd period - Off-side.
14:30 of 2nd period - Christoph Bertschy wins face-off versus Matt Calvert in neutral zone.
14:40 of 2nd period - Victor Mete is hit by Kyle Connor and loses puck.
15:08 of 2nd period - Slapshot by Mitch Marner.
15:08 of 2nd period - Shot Misses the Net.
15:12 of 2nd period - Snap shot by Mitch Marner.
15:12 of 2nd period - Stopped by Sami Aittokallio with a rebound.
15:50 of 2nd period - Slapshot by Morgan Rielly.
15:50 of 2nd period - Shot Misses the Net.
16:06 of 2nd period - Mitch Marner is hit by Christoph Bertschy and loses puck.
16:30 of 2nd period - Wrist shot by Zachary Sanford.
16:30 of 2nd period - Shot Hit the Post.
17:34 of 2nd period - Wrist shot by Vitaly Abramov.
17:34 of 2nd period - Stopped by Eric Comrie with a rebound.
18:07 of 2nd period - Icing by Arttu Ruotsalainen.
18:08 of 2nd period - Jordan Schroeder wins face-off versus Dominik Simon in Senators zone.
18:15 of 2nd period - Dillon Heatherington is hit by Zemgus Girgensons and loses puck.
18:21 of 2nd period - Off-side.
18:22 of 2nd period - Zac Dalpe wins face-off versus Kevin Rooney in neutral zone.
18:27 of 2nd period - Snap shot by Matt Calvert.
18:27 of 2nd period - Stopped by Sami Aittokallio with a rebound.
18:35 of 2nd period - Ondrej Kase is hit by Grant Besse and loses puck.
19:29 of 2nd period - Snap shot by Matt Grzelcyk.
19:29 of 2nd period - Deflect By Jared Knight.
19:29 of 2nd period - Shot Blocked by Dylan Blujus.
19:29 of 2nd period - Puck is out of play.
19:30 of 2nd period - Anthony Richard wins face-off versus Jared Knight in Senators zone.
19:30 of 2nd period - Anthony Richard is hit by Marc Michaelis.
19:38 of 2nd period - Slapshot by Scott Harrington.
19:38 of 2nd period - Deflect By Anthony Richard.
19:38 of 2nd period - Shot Hit the Post.
19:38 of 2nd period - Puck is out of play.
19:39 of 2nd period - Zac Dalpe wins face-off versus Jordan Schroeder in Monsters zone.
19:39 of 2nd period - Zac Dalpe is hit by Zemgus Girgensons.
19:48 of 2nd period - Minor Penalty to Keegan Lowe for Holding.
19:49 of 2nd period - Zemgus Girgensons wins face-off versus Zac Dalpe in Senators zone.
19:59 of 2nd period - Wrist shot by Zac Dalpe.
19:59 of 2nd period - Stopped by Sami Aittokallio with a rebound.
Goals for this period are 2 for Senators vs 0 for Monsters.
Shots for this period are 15 for Senators vs 11 for Monsters.

3rd period


0:01 of 3rd period - Zac Dalpe wins face-off versus Christoph Bertschy in neutral zone.
0:04 of 3rd period - Snap shot by Morgan Rielly.
0:04 of 3rd period - Deflect By Matt Calvert.
0:04 of 3rd period - Shot Blocked by Dmitry Sinitsyn.
0:04 of 3rd period - Puck is out of play.
0:05 of 3rd period - Zac Dalpe wins face-off versus Christoph Bertschy in Senators zone.
0:06 of 3rd period - Snap shot by Ondrej Kase.
0:06 of 3rd period - Stopped by Sami Aittokallio without a rebound.
0:07 of 3rd period - Christoph Bertschy wins face-off versus Zac Dalpe in Senators zone.
0:47 of 3rd period - Wrist shot by Zac Dalpe.
0:47 of 3rd period - Stopped by Sami Aittokallio with a rebound.
0:49 of 3rd period - Snap shot by Ondrej Kase.
0:49 of 3rd period - Shot Misses the Net.
0:51 of 3rd period - Wrist shot by Morgan Rielly.
0:51 of 3rd period - Shot Misses the Net.
0:53 of 3rd period - Snap shot by Aaron Ness.
0:53 of 3rd period - Shot Misses the Net.
0:59 of 3rd period - Wrist shot by Zac Dalpe.
0:59 of 3rd period - Stopped by Sami Aittokallio with a rebound.
1:01 of 3rd period - Snap shot by Matt Calvert.
1:01 of 3rd period - Goal by Matt Calvert - Senators : 4 - Monsters : 4.
1:02 of 3rd period - Christian Hanson wins face-off versus Kevin Rooney in neutral zone.
1:15 of 3rd period - Snap shot by Zachary Sanford.
1:15 of 3rd period - Shot Blocked by Christian Hanson.
1:48 of 3rd period - Tomas Jurco is hit by Aaron Ness.
2:22 of 3rd period - Snap shot by Jordan Schroeder.
2:22 of 3rd period - Shot Blocked by Victor Mete.
2:34 of 3rd period - Wrist shot by Zemgus Girgensons.
2:34 of 3rd period - Stopped by Eric Comrie without a rebound.
2:35 of 3rd period - Christoph Bertschy wins face-off versus Zac Dalpe in Monsters zone.
3:43 of 3rd period - Adam Ollas-Mattsson is hit by Morgan Rielly and loses puck.
4:11 of 3rd period - Minor Penalty to Scott Harrington for Goalie Interference.
4:12 of 3rd period - Zac Dalpe wins face-off versus Christoph Bertschy in Senators zone.
6:08 of 3rd period - Icing by Matt Calvert.
6:09 of 3rd period - Anthony Richard wins face-off versus Zac Dalpe in Monsters zone.
6:11 of 3rd period - Penalty to Scott Harrington is over, Scott Harrington is back on ice.
6:54 of 3rd period - Snap shot by Christoph Bertschy.
6:54 of 3rd period - Stopped by Eric Comrie without a rebound.
6:55 of 3rd period - Jordan Schroeder wins face-off versus Christian Hanson in Monsters zone.
7:00 of 3rd period - Slapshot by Jordan Schroeder.
7:00 of 3rd period - Stopped by Eric Comrie with a rebound.
7:43 of 3rd period - Dylan Blujus is hit by Ondrej Kase and loses puck.
9:06 of 3rd period - Wrist shot by Zachary Sanford.
9:06 of 3rd period - Stopped by Eric Comrie without a rebound.
9:07 of 3rd period - Zac Dalpe wins face-off versus Jordan Schroeder in Monsters zone.
9:37 of 3rd period - Minor Penalty to Austin Watson for Delaying the game.
9:38 of 3rd period - Zac Dalpe wins face-off versus Christoph Bertschy in Monsters zone.
10:14 of 3rd period - Off-side.
10:15 of 3rd period - Christian Hanson wins face-off versus Zemgus Girgensons in neutral zone.
11:21 of 3rd period - Off-side.
11:22 of 3rd period - Zac Dalpe wins face-off versus Jordan Schroeder in neutral zone.
11:37 of 3rd period - Penalty to Austin Watson is over, Austin Watson is back on ice.
11:39 of 3rd period - Matt Calvert is hit by Jordan Schroeder and loses puck.
12:32 of 3rd period - Aaron Ness is hit by Jack Dougherty and loses puck.
12:53 of 3rd period - Jordan Schroeder is hit by Aaron Ness and loses puck.
13:16 of 3rd period - Slapshot by Zachary Sanford.
13:16 of 3rd period - Shot Blocked by Tarmo Reunanen.
13:18 of 3rd period - Slapshot by Zachary Sanford.
13:18 of 3rd period - Stopped by Eric Comrie without a rebound.
13:19 of 3rd period - Mitch Marner wins face-off versus Kevin Rooney in Monsters zone.
13:19 of 3rd period - Mitch Marner is hit by Dylan Blujus.
13:25 of 3rd period - Grant Besse is hit by Austin Watson and loses puck.
13:44 of 3rd period - Mitch Marner is hit by Kevin Rooney.
14:06 of 3rd period - Wrist shot by Mitch Marner.
14:06 of 3rd period - Shot Misses the Net.
14:16 of 3rd period - Snap shot by Mitch Marner.
14:16 of 3rd period - Stopped by Sami Aittokallio with a rebound.
14:18 of 3rd period - Backhand shot by Christian Hanson.
14:18 of 3rd period - Stopped by Sami Aittokallio with a rebound.
14:20 of 3rd period - Snap shot by Austin Watson.
14:20 of 3rd period - Stopped by Sami Aittokallio with a rebound.
14:22 of 3rd period - Slapshot by Christian Hanson.
14:22 of 3rd period - Shot Blocked by Jack Dougherty.
14:44 of 3rd period - Snap shot by Mitch Marner.
14:44 of 3rd period - Stopped by Sami Aittokallio without a rebound.
14:45 of 3rd period - Zac Dalpe wins face-off versus Christoph Bertschy in Senators zone.
15:18 of 3rd period - Off-side.
15:19 of 3rd period - Zac Dalpe wins face-off versus Jordan Schroeder in neutral zone.
15:52 of 3rd period - Slapshot by Kyle Connor.
15:52 of 3rd period - Stopped by Eric Comrie without a rebound.
15:53 of 3rd period - Zac Dalpe wins face-off versus Anthony Richard in Monsters zone.
16:06 of 3rd period - Victor Mete is hit by Anthony Richard and loses puck.
16:19 of 3rd period - Arttu Ruotsalainen is hit by Marc Michaelis and loses puck.
16:46 of 3rd period - Grant Besse is hit by Joakim Nordstrom and loses puck.
17:14 of 3rd period - Snap shot by Ondrej Kase.
17:14 of 3rd period - Stopped by Sami Aittokallio with a rebound.
17:38 of 3rd period - Slapshot by Jake Evans.
17:38 of 3rd period - Stopped by Eric Comrie without a rebound.
17:39 of 3rd period - Dominik Simon wins face-off versus Kevin Rooney in Monsters zone.
18:04 of 3rd period - Joakim Nordstrom is hit by Scott Harrington and loses puck.
Goals for this period are 0 for Senators vs 1 for Monsters.
Shots for this period are 7 for Senators vs 9 for Monsters.

Overtime #1


0:01 of 1st overtime period - Zac Dalpe wins face-off versus Christoph Bertschy in neutral zone.
1:38 of 1st overtime period - Jordan Schroeder is hit by Aaron Ness and loses puck.
1:58 of 1st overtime period - Snap shot by Zachary Sanford.
1:58 of 1st overtime period - Stopped by Eric Comrie with a rebound.
2:00 of 1st overtime period - Slapshot by Keegan Lowe.
2:00 of 1st overtime period - Shot Blocked by Morgan Rielly.
2:02 of 1st overtime period - Slapshot by Keegan Lowe.
2:02 of 1st overtime period - Shot Misses the Net.
2:42 of 1st overtime period - Kyle Connor is hit by Matt Grzelcyk and loses puck.
2:49 of 1st overtime period - Matt Grzelcyk is hit by Adam Ollas-Mattsson and loses puck.
3:09 of 1st overtime period - Icing by Adam Ollas-Mattsson.
3:10 of 1st overtime period - Christian Hanson wins face-off versus Christoph Bertschy in Senators zone.
3:50 of 1st overtime period - Slapshot by Jack Dougherty.
3:50 of 1st overtime period - Stopped by Eric Comrie with a rebound.
3:52 of 1st overtime period - Snap shot by Jordan Schroeder.
3:52 of 1st overtime period - Stopped by Eric Comrie with a rebound.
3:54 of 1st overtime period - Snap shot by Jordan Schroeder.
3:54 of 1st overtime period - Stopped by Eric Comrie without a rebound.
3:55 of 1st overtime period - Zac Dalpe wins face-off versus Jordan Schroeder in Monsters zone.
Goals for this period are 0 for Senators vs 0 for Monsters.
Shots for this period are 4 for Senators vs 0 for Monsters.

ShootOut


5:00 of 1st overtime period - Round #1.
5:00 of 1st overtime period - Senators, Kyle Connor.
5:00 of 1st overtime period - Snap shot by Kyle Connor.
5:00 of 1st overtime period - Stopped by Eric Comrie.
5:00 of 1st overtime period - Monsters, Zac Dalpe.
5:00 of 1st overtime period - Backhand shot by Zac Dalpe.
5:00 of 1st overtime period - Stopped by Sami Aittokallio.
5:00 of 1st overtime period - Round #2.
5:00 of 1st overtime period - Senators, Christoph Bertschy.
5:00 of 1st overtime period - Deke by Christoph Bertschy.
5:00 of 1st overtime period - Goal by Christoph Bertschy.
5:00 of 1st overtime period - Monsters, Matt Calvert.
5:00 of 1st overtime period - Backhand shot by Matt Calvert.
5:00 of 1st overtime period - Goal by Matt Calvert.
5:00 of 1st overtime period - Round #3.
5:00 of 1st overtime period - Senators, Arttu Ruotsalainen.
5:00 of 1st overtime period - Snap shot by Arttu Ruotsalainen.
5:00 of 1st overtime period - Goal by Arttu Ruotsalainen.
5:00 of 1st overtime period - Monsters, Christian Hanson.
5:00 of 1st overtime period - Backhand shot by Christian Hanson.
5:00 of 1st overtime period - Stopped by Sami Aittokallio.